 Dungeon Crawl Stone Soup version 0.30-a0-1074-g5db6f66fbb (webtiles) character file.

Game seed: 11035155608557732477

2242 jimonade the Chopper (level 9, -6/61 HPs)
             Began as an Octopode Warper on Apr 13, 2023.
             Was a Follower of Cheibriados.
             Mangled by a hornet (15 damage)
             ... on level 8 of the Dungeon.
             The game lasted 00:18:43 (8419 turns).

jimonade the Chopper (Octopode Warper)              Turns: 8419, Time: 00:18:43

Health: -6/61      AC:  1    Str: 23    XL:     9   Next: 37%
Magic:  14/14      EV: 14    Int: 19    God:    Cheibriados [*.....]
Gold:   518        SH:  0    Dex: 14    Spells: 11/15 levels left

rFire   + + .      SeeInvis +    a - +0 lajatang
rCold   . . .      Faith    .    (shield currently unavailable)
rNeg    . . .      Spirit   .    (helmet restricted)
rPois   .          Reflect  .    (no amulet)
rElec   .          Rampage  .    d - ring of see invisible
rCorr   .                        F - ring of protection from fire
Will    .....                    I - +6 ring of strength
Stlth   ++                       J - ring of protection from fire
HPRegen 0.30/turn                (no ring)
MPRegen 0.14/turn                (no ring)
                                 (no ring)
                                 (no ring)

@: lethally poisoned (-6 -> -22), slowed, very slow
A: almost no armour, amphibious, 8 rings, camouflage 1, gelatinous body 1,
(nimble swimmer 1), tentacles
a: Renounce Religion, Bend Time


You were on level 8 of the Dungeon.
You worshipped Cheibriados.
Cheibriados was aware of your devotion.
You visited 2 branches of the dungeon, and saw 9 of its levels.
You also visited: Sewer.

You collected 518 gold pieces.

Inventory:

Hand Weapons
 a - a +0 lajatang (weapon)
 b - a +0 sling
 i - a +0 mace
 q - a +0 scythe
 t - a +0 short sword of freezing
 G - a +0 great mace
 M - a +0 vampiric hand axe
 O - a +4 mace
 Q - a +0 shortbow
Missiles
 c - 7 boomerangs of dispersal
 m - 3 boomerangs
 p - 71 stones
 r - 28 poisoned darts (quivered)
Armour
 h - a +1 kite shield
 n - a +0 buckler
 K - an orb of energy
Magical Staves
 R - a staff of death
Jewellery
 d - a ring of see invisible (left tentacle)
 F - a ring of protection from fire (right tentacle)
 I - a +6 ring of strength (on tentacle)
 J - a ring of protection from fire (on tentacle)
Wands
 e - a wand of iceblast (8)
 s - a wand of flame (39)
Scrolls
 k - 2 scrolls of blinking
 u - a scroll of butterflies
 v - 6 scrolls of identify
 y - a scroll of enchant armour
 D - 2 scrolls of teleportation
Potions
 f - 3 potions of lignification
 g - 2 potions of berserk rage
 j - 4 potions of haste
 l - 7 potions of curing
 o - 2 potions of ambrosia {unknown}
 w - a potion of might {unknown}
 x - a potion of magic {unknown}
 z - a potion of resistance {unknown}
 A - a potion of heal wounds {unknown}
 B - a potion of brilliance {unknown}
 C - 2 potions of attraction {unknown}
 L - a potion of invisibility {unknown}
 P - a potion of degeneration {unknown}


   Skills:
 + Level 5.1 Fighting
 - Level 6.3 Axes
 + Level 4.0 Staves
 + Level 1.3 Ranged Weapons
 + Level 1.0 Throwing
 + Level 4.6 Dodging
 + Level 2.1 Shields
 * Level 3.6 Spellcasting
 * Level 5.5 Translocations
 * Level 2.7 Ice Magic
 + Level 0.1 Evocations


You had 11 spell levels left.
You knew the following spells:

 Your Spells              Type           Power      Damage    Failure   Level
a - Blink                 Tloc           48%        N/A       2%          2
b - Lesser Beckoning      Tloc           48%        N/A       2%          2

Your spell library contained the following spells:

 Spells                   Type           Power      Damage    Failure   Level
 Freeze                   Ice            52%        1d6       4%          1
 Teleport Other           Tloc           24%        N/A       4%          3
 Sandblast                Erth           6%         2d5       14%         1
 Slow                     Hex            12%        N/A       14%         1
 Frozen Ramparts          Ice            26%        1d4       14%         3
 Portal Projectile        Hex/Tloc       28%        N/A       14%         3
 Vhi's Electric Charge    Tloc/Air       28%        N/A       14%         3
 Volatile Blastmotes      Fire/Tloc      28%        2d12      14%         3
 Manifold Assault         Tloc           24%        N/A       14%         4
 Passwall                 Tmut/Erth      2%         N/A       22%         2
 Hailstorm                Conj/Ice       8%         3d4       24%         3
 Confusing Touch          Hex            3%         N/A       41%         3
 Dazzling Flash           Conj/Hex       6%         N/A       41%         3
 Stone Arrow              Conj/Erth      6%         3d7       41%         3
 Tukima's Dance           Hex            3%         N/A       41%         3
 Vampiric Draining        Necr           3%         2d6       41%         3
 Iskenderun's Mystic Bla  Conj/Tloc      14%        2d5       41%         4
 Fulminant Prism          Conj/Hex       1%         3d5       82%         4
 Summon Lightning Spire   Summ/Air       3%         N/A       82%         4
 Blade Hands              Tmut           1%         N/A       99%         5
 Lee's Rapid Deconstruct  Erth           1%         3d4*      99%         5
 Starburst                Conj/Fire      1%         6d3       100%        6
 Storm Form               Tmut/Air       1%         N/A       100%        7
 Maxwell's Capacitive Co  Air            1%         ∞         100%        8


Dungeon Overview and Level Annotations

Branches:
Dungeon (8/15)             Temple (1/1) D:6           Sewer (visited)
   Lair: D:8-11

Altars:
Ashenzari
Cheibriados
Dithmenos
Fedhas
Gozag
Makhleb
Okawaru
Qazlal
Ru
Sif Muna
Uskayaw
Vehumet
Wu Jian
Xom
Yredelemnul
Zin
The Shining One

Shops:
D:2 :   D:3 *((

Annotations:
D:5 1 runed translucent door, Crazy Yiuf


Innate Abilities, Weirdness & Mutations

You cannot wear most types of armour.
You are amphibious.
You can wear up to eight rings at the same time.
Your skin changes colour to match your surroundings (Stealth+).
Your rubbery body absorbs attacks. (AC +1, EV +1)
((You are camouflaged when in or above water. (Stealth+)))
You have tentacles for arms and can constrict up to eight enemies at once.


Message History

Press: ? - help, Shift-Dir - straight line, p - hornet The mass of ice explodes!
The iceblast engulfs the hornet.
The hornet is moderately wounded.
The iceblast engulfs the orc priest!
You kill the orc priest!
Cheibriados appreciates the change of pace.
An orc priest comes into view. It is wielding a +0 dagger.
Your Staves skill increases to level 4!
Aiming: Iceblast
Press: ? - help, Shift-Dir - straight line You can't see that place.
Okay, then.
Unknown command.
You closely miss the hornet. You grab the hornet.
The hornet is moderately wounded.
You constrict the hornet, but do no damage.
An orc comes into view. It is wielding a +0 hand axe.
The hornet stings you!
You are poisoned.
You feel yourself slow down.
You hit the hornet but do no damage.
The hornet is moderately wounded.
You feel yourself speed up.
You constrict the hornet.
You feel very sick. The hornet stings you.
You feel yourself slow down. The hornet stings you!
You are more poisoned.
You feel as though you will be slow longer.
The hornet stings you!
You are more poisoned.
You feel as though you will be slow longer.
You hit the hornet.
The hornet is severely wounded.
You constrict the hornet.
You feel extremely sick. The hornet stings you!
* * * LOW HITPOINT WARNING * * *
You feel as though you will be slow longer.
The hornet stings you!
You die...

#>.####.#
#....##.#
##.#.##.#
#.#.##.#
#.#.##.#
#.#.#
#.#.#
#.#.#
#.#@#
#..#yo...#
#.# #o.#.#
## ....
.### )# .
##


You could see a hornet, an orc priest and an orc.

Vanquished Creatures
  Sigmund (D:3)
  An ice beast (D:7)
  A sky beast (D:7)
  3 orc warriors (D:7)
  A phantom (D:5)
  2 kobold brigands (Sewer)
  A bullfrog (D:7)
  2 scorpions
  5 wights (D:7)
  3 howler monkeys (D:7)
  3 jellies
  4 hounds
  2 sleepcaps
  3 orc priests
  An iguana (D:6)
  7 orc wizards
  3 gnolls (D:4)
  3 river rats
  10 adders
  2 shadow imps
  A white imp (D:5)
  8 worms
  2 dart slugs
  21 orcs
  9 ball pythons
  7 bats
  10 endoplasms
  3 giant cockroaches
  6 goblins
  5 hobgoblins
  3 jackals (D:1)
  A frilled lizard (D:1)
  10 kobolds
  13 rats
157 creatures vanquished.

Vanquished Creatures (others)
  A wight (D:6)
  An adder (D:6)
2 creatures vanquished.

Grand Total: 159 creatures vanquished

Notes
Turn   | Place    | Note
-------+----------+-------------------------------------------
     0 | D:1      | jimonade the Octopode Warper began the quest for the Orb.
     0 | D:1      | Reached XP level 1. HP: 14/14 MP: 3/3
   192 | D:1      | Reached XP level 2. HP: 18/19 MP: 5/5
   622 | D:1      | Reached XP level 3. HP: 24/24 MP: 6/6
   640 | D:1      | Found a faded altar of an unknown god.
   931 | D:2      | Found Emny's Book Shoppe.
  1528 | D:3      | Found Tiha Guczo's Weapon Shop.
  1767 | D:3      | Noticed Sigmund
  1775 | D:3      | Killed Sigmund
  1776 | D:3      | Reached skill level 3 in Axes
  1776 | D:3      | Reached skill level 1 in Ranged Weapons
  1776 | D:3      | Reached XP level 4. HP: 14/31 MP: 7/7
  1776 | D:3      | Reached XP level 5. HP: 17/36 MP: 8/8
  1863 | D:3      | Found Fin Eqe's Weapon Boutique.
  1980 | D:3      | Reached XP level 6. HP: 39/42 MP: 9/9
  2062 | D:3      | Found Abrozxad's General Store.
  2520 | D:4      | Found a shimmering altar of Xom.
  2678 | D:4      | Found a glowing drain.
  2686 | Sewer    | Entered a sewer
  2917 | Sewer    | Reached skill level 1 in Shields
  3348 | Sewer    | Reached skill level 4 in Axes
  3348 | Sewer    | Reached XP level 7. HP: 34/46 MP: 10/10
  3899 | D:4      | Reached skill level 5 in Axes
  4495 | D:5      | Entered Level 5 of the Dungeon
  5297 | D:5      | Found a runed translucent door.
  5298 | D:5      | Noticed Crazy Yiuf
  5442 | D:5      | Reached XP level 8. HP: 47/54 MP: 11/11
  5682 | D:6      | Found a staircase to the Ecumenical Temple.
  5691 | Temple   | Entered the Ecumenical Temple
  5733 | Temple   | Became a worshipper of Cheibriados the Contemplative
  6010 | D:6      | Reached skill level 6 in Axes
  6206 | D:6      | Found a radiant altar of Vehumet.
  6322 | D:6      | You fall into a shaft and drop 1 floor!
  6449 | D:7      | Learned a level 2 spell: Blink
  6452 | D:7      | Learned a level 2 spell: Lesser Beckoning
  6522 | D:6      | Reached skill level 1 in Ice Magic
  6707 | D:7      | Reached skill level 5 in Translocations
  6714 | D:7      | Reached skill level 1 in Staves
  6716 | D:7      | HP: 2/54 [wight/+4 falchion (7)]
  7150 | D:7      | Reached XP level 9. HP: 28/60 MP: 13/13
  7153 | D:7      | Reached * piety under Cheibriados
  7674 | D:7      | Reached skill level 5 in Fighting
  8413 | D:8      | Noticed a hornet
  8419 | D:8      | Mangled by a hornet

Illustrated notes

Levels and vault maps discovered:
D:1:      dpeg_arrival_rooms_c, layout_basic,
          shapermc_ecumenical_altar_acropolis
D:2:      layout_loops_ring, serial_shops, nicolae_shop_advertising_works
          [nicolae_subvault_shop_adworks], serial_bayou_crossing
D:3:      layout_rooms, serial_shops, shop, nicolae_shop_waterfront,
          nicolae_shop_bloodbath_and_beyond, minmay_stone_trees_small,
          minivault_26, uniq_sigmund
D:4:      layout_loops_corners, mainiacjoe_overflow_boulevard,
          lightli_sewer_entry_pipes
D:5:      layout_gridville, minmay_misc_feat_chi, dk_rats_in_the_wall,
          uniq_crazy_yiuf_cottage
D:6:      layout_basic, amcnicky_altar_gilded, minmay_temple_entry_offerings,
          lemuel_flamethrower_2
D:7:      layout_basic, chequers_serial_rivers_micro_c, interstate_on_off
D:8:      layout_loops_ring, kennysheep_mini_moat
Temple:   hellmonk_temple_of_storms

Skill      XL: |  1  2  3  4  5  6  7  8  9 |
---------------+----------------------------+-----
Fighting       | 3 4 5 |  5.1
Axes           | 3 4 5 6 |  6.3
Ranged Weapons | 1 |  1.3
Dodging        | 3 4 |  4.6
Translocations | 4 5 |  5.5
Shields        | 1 2 |  2.1
Ice Magic      | 2 |  2.7
Staves         | 2 4 |  4.0
Spellcasting   | 3 |  3.6
Throwing       | |  1.0
Evocations     | |  0.1

Action                     |  1- 3 |  4- 6 |  7- 9 || total
---------------------------+-------+-------+-------++-------
  Melee: Hand axe          |    68 |   125 |   112 ||   305
         Tentacles         |    16 |    35 |    57 ||   108
         Constrict         |    13 |    32 |    44 ||    89
         Punch             |     2 |     1 |     5 ||     8
         Lajatang          |       |       |    90 ||    90
   Fire: Sling             |     9 |       |       ||     9
  Throw: Dart              |       |       |     2 ||     2
   Cast: Lesser Beckoning  |       |       |    10 ||    10
  Evoke: Wand              |       |       |     4 ||     4
    Use: Scroll            |       |     7 |     6 ||    13
   Stab: Sleeping          |     3 |    13 |     9 ||    25
 Armour: Skin              |     3 |     7 |     5 ||    15
  Dodge: Dodged            |    32 |    54 |   103 ||   189
  Block: Kite shield       |    16 |    27 |    36 ||    79

Table legend: (Time is in decaauts)
 A = Elapsed time spent in this place.
 B = Non-inter-level travel time spent in this place.
 C = Inter-level travel time spent in this place.
 D = Time resting spent in this place.
 E = Time spent auto-exploring this place.
 F = Levels seen in this place.
 G = Mean time per level.
                   A        B        C        D        E       F      G
               +--------+--------+--------+--------+--------+-----+--------+
         Total |   9064 |   8719 |    345 |   1004 |   5331 |  10 |  906.4 |
       Dungeon |   8055 |   7728 |    327 |    884 |   4906 |   8 | 1006.9 |
        Temple |     61 |     44 |     17 |      0 |     22 |   1 |   61.0 |
         Sewer |    946 |    946 |      0 |    120 |    403 |   1 |  946.0 |
               +--------+--------+--------+--------+--------+-----+--------+

Top non-repeatable levels by time:
     D:7: 2361 daAuts
     D:4: 1361 daAuts
     D:5: 1193 daAuts
   Sewer: 946 daAuts
     D:6: 801 daAuts
     D:1: 771 daAuts
     D:3: 750 daAuts
     D:2: 737 daAuts
     D:8: 78 daAuts
  Temple: 61 daAuts
